 Dungeon Crawl Stone Soup version 0.19.5 (webtiles) character file.

421 McKennaii the Slasher (level 6, -7/48 HPs)
             Began as a Demonspawn Abyssal Knight on Apr 27, 2017.
             Was a Believer of Lugonu.
             Killed by nerve-wracking pain
             ... invoked by an orc priest
              (16 damage)
             ... on level 4 of the Dungeon.
             The game lasted 00:07:34 (3139 turns).

McKennaii the Slasher (Demonspawn Abyssal Knight)   Turns: 3139, Time: 00:07:34

Health: -7/48      AC:  5    Str: 16    XL:     6   Next: 62%
Magic:  7/7        EV: 12    Int: 13    God:    Lugonu [**....]
Gold:   191        SH:  0    Dex: 14    Spells: 0 memorised, 5 levels left

rFire  . . .     SeeInvis .     a - +2 falchion
rCold  . . .     Gourm    .     b - +0 leather armour
rNeg   . . .     Faith    .     (no shield)
rPois  +         Spirit   .     (no helmet)
rElec  .         Reflect  .     k - +1 cloak
rCorr  .         Harm     +     (no gloves)
MR     .....                    (no boots)
Stlth  ++........               t - amulet of harm
                                f - ring of poison resistance
                                d - +3 ring of strength

@: no status effects
A: hooves 1, nightstalker 1
a: Depart the Abyss, Bend Space, Renounce Religion


You were on level 4 of the Dungeon.
You worshipped Lugonu.
Lugonu was pleased with you.
You were not hungry.

You visited 1 branch of the dungeon, and saw 4 of its levels.
You visited the Abyss 1 time.

You collected 191 gold pieces.

Inventory:

Hand Weapons
 a - a +2 falchion (weapon)
Armour
 b - a +0 leather armour (worn)
 k - a +1 cloak (worn)
Jewellery
 d - a +3 ring of strength (left hand)
 f - a ring of poison resistance (right hand)
 p - an uncursed ring of flight
 t - an amulet of harm (around neck)
Wands
 o - a wand of lightning (8/15)
Scrolls
 e - 3 scrolls of magic mapping
 g - 2 scrolls of enchant armour
 l - 5 scrolls of identify
 n - 2 scrolls of teleportation
 r - a scroll of remove curse
Potions
 h - 2 potions of cure mutation {unknown}
 i - a potion of invisibility {unknown}
 j - 3 potions of lignification
 q - a potion of berserk rage {unknown}
 s - a potion of agility {unknown}
 u - a potion of magic {unknown}
Comestibles
 c - 5 bread rations
 m - 4 meat rations


   Skills:
 + Level 4.1 Fighting
 + Level 4.7 Long Blades
 + Level 3.0 Armour
 + Level 2.1 Dodging
 + Level 0.6 Stealth
 + Level 2.6 Invocations


You had 5 spell levels left.
You didn't know any spells.

Dungeon Overview and Level Annotations

Branches:
Dungeon (4/15)
 Temple: D:4-7

Altars:

Annotations:
D:3 Grinder


Innate Abilities, Weirdness & Mutations

You have large cloven feet.
You are slightly more attuned to the shadows.


Message History

Pain shoots through your body!
Found an escape hatch in the ceiling.
The orc priest hits you with a hand axe.
You closely miss the orc priest. The orc priest closely misses you.
You closely miss the orc priest. The orc priest closely misses you.
You completely miss the orc priest.
You kick the orc priest, but do no damage.
The orc priest hits you with a hand axe.
* * * LOW HITPOINT WARNING * * *
You hit the orc priest but do no damage.
You kick the orc priest, but do no damage.
The orc priest hits you but does no damage.
You closely miss the orc priest. Your kick misses the orc priest.
The orc priest hits you but does no damage.
You hit the orc priest.
You kick the orc priest, but do no damage.
The orc priest is lightly wounded.
The orc priest mumbles some strange prayers to Beogh against you.
Pain shoots through your body!
You die...

............# #...........## .#
#............##..######
#.....###.#.........<..
#.....###.#.###...>....
#......................
#.....#......................#
......#.#........%............
......#.#.......@o..........#
....)##.....................#
.###...#.######............#
..####.....#####...........#
..#####(##....#######...##.##.
.......)(.....................
...##.##(####.)....ยง..........
....#.##...#####..............
....#....................#....


You could see an orc priest.

Vanquished Creatures
  An ogre (D:3)
  A phantom (D:4)
  An orc priest (D:4)
  An iguana (D:4)
  An orc wizard (D:4)
  Terence (D:3)
  A hound skeleton (D:4)
  5 adders
  3 worms
  3 leopard geckos
  9 orcs
  3 giant cockroaches
  8 goblins
  5 hobgoblins
  2 jackals (D:3)
  3 quokkas
  4 bats
  4 frilled lizards
  2 kobolds (D:1)
  7 rats
65 creatures vanquished.

Notes
Turn   | Place    | Note
-------+----------+-------------------------------------------
     0 | Abyss:1  | McKennaii the Demonspawn Abyssal Knight began the quest for the Orb.
     0 | Abyss:1  | Reached XP level 1. HP: 18/18 MP: 2/2
    45 | Abyss:1  | Found a corrupted altar of Lugonu.
    91 | Abyss:1  | Noticed a rakshasa
    91 | D:1      | Escaped the Abyss
   559 | D:1      | Reached skill level 1 in Dodging
   677 | D:2      | Reached * piety under Lugonu
   677 | D:2      | Gained mutation: You have large cloven feet. [demonic ancestry]
   677 | D:2      | Reached XP level 2. HP: 24/24 MP: 3/3
   793 | D:2      | Reached XP level 3. HP: 15/29 MP: 4/4
  1276 | D:3      | Reached XP level 4. HP: 22/35 MP: 5/5
  1345 | D:3      | Noticed Grinder
  1695 | D:3      | Noticed Terence
  1716 | D:3      | Killed Terence
  1883 | D:3      | Reached ** piety under Lugonu
  1905 | D:3      | Found a faded altar of an unknown god.
  2450 | D:4      | Reached XP level 5. HP: 36/41 MP: 6/6
  2769 | D:4      | Noticed a phantom
  2821 | D:4      | Noticed an ogre
  2979 | D:3      | Killed an ogre
  2979 | D:3      | Gained mutation: You are slightly more attuned to the shadows. [demonic ancestry]
  2979 | D:3      | Reached XP level 6. HP: 39/48 MP: 7/7
  3139 | D:4      | Killed from afar by an orc priest

Skill      XL: |  1  2  3  4  5  6 |
---------------+-------------------+-----
Long Blades    | 2 3 4 |  4.7
Dodging        | 1 2 |  2.1
Armour         | 2 3 |  3.0
Fighting       | 4 |  4.1
Stealth        | |  0.6
Invocations    | |  2.6

Action                   |  1- 3 |  4- 6 || total
-------------------------+-------+-------++-------
Melee: Falchion          |    93 |   144 ||   237
       Kick              |    21 |    39 ||    60
Invok: Depart the Abyss  |     1 |       ||     1
  Use: Scroll            |     8 |       ||     8
  Eat: Chunk             |     1 |     6 ||     7
Armor: Leather armour    |    52 |    27 ||    79
Dodge: Dodged            |    89 |   104 ||   193
       Rpst.: Falchion   |    21 |    27 ||    48
